TOP OF THE 1ST |
Delaware 1787 BC batting - Pitching for York Revolution : RHP Jean-François Chapon
|
Pitching: RHP Jean-François Chapon
|
|
Batting: RHB José López
|
0-0: Foul Ball, location: 2F 0-1: Foul Ball, location: 2F 0-2: Ball 1-2: Strikes out looking
|
Batting: LHB Ward Wilberfoss
|
0-0: Ball 1-0: SINGLE (Groundball, 34D)
|
Batting: RHB Felipe Bruno
|
0-0: Ball 1-0: Ball 2-0: Ball 3-0: Base on Balls Ward Wilberfoss to second
|
Batting: RHB Gianpaolo Monachino
|
0-0: SINGLE (Line Drive, 8RS) Ward Wilberfoss to third Felipe Bruno to second
|
Batting: RHB Nobuhiko Nakayama
|
0-0: Called Strike 0-1: Ball 1-1: Ball 2-1: Swinging Strike 2-2: Foul Ball, location: 2F 2-2: Foul Ball, location: 2F 2-2: Strikes out looking
|
Batting: RHB Gilberto Rodríguez
|
0-0: Ball 1-0: Foul Ball, location: 2F 1-1: Swinging Strike 1-2: Ball 2-2: Foul Ball, location: 2F 2-2: Foul Ball, location: 2F 2-2: SINGLE (Line Drive, 6D) Ward Wilberfoss scores Felipe Bruno to third Gianpaolo Monachino to second Runner from 3rd tries for Home, SAFE, no throw or cutoff
|
Batting: LHB Russ Hanneman
|
0-0: Fly out, F8 (Line Drive, 8RM)
|
Top of the 1st over - 2 run(s), 3 hit(s), 0 error(s), 2 left on base; Delaware 2 - York 0 |
BOTTOM OF THE 1ST |
York Revolution batting - Pitching for Delaware 1787 BC : RHP José Cabrera
|
Pitching: RHP José Cabrera
|
|
Batting: RHB José Urruticodez
|
0-0: Ground out 5-3 (Groundball, 56S)
|
Batting: RHB Jaime Solís
|
0-0: Bunt for hit - play at first, batter OUT! 5-3
|
Batting: LHB Ángelo Hernández
|
0-0: Called Strike 0-1: Foul Ball, location: 2F 0-2: Foul Ball, location: 2F 0-2: Strikes out swinging
|
Bottom of the 1st over - 0 run(s), 0 hit(s), 0 error(s), 0 left on base; Delaware 2 - York 0 |
TOP OF THE 2ND |
Delaware 1787 BC batting - Pitching for York Revolution : RHP Jean-François Chapon
|
Batting: RHB Jorge Figueroa
|
0-0: Called Strike 0-1: Ball 1-1: Ground out 5-3 (Groundball, 56S)
|
Batting: RHB Thurman Blumer
|
0-0: Bunt missed! 0-1: Swinging Strike 0-2: Foul Ball, location: 2F 0-2: Foul Ball, location: 2F 0-2: Strikes out looking
|
Batting: RHB José López
|
0-0: Called Strike 0-1: Foul Ball, location: 2F 0-2: Ball 1-2: Ball 2-2: Foul Ball, location: 2F 2-2: Foul Ball, location: 2F 2-2: Ground out 5-3 (Groundball, 56)
|
Top of the 2nd over - 0 run(s), 0 hit(s), 0 error(s), 0 left on base; Delaware 2 - York 0 |
BOTTOM OF THE 2ND |
York Revolution batting - Pitching for Delaware 1787 BC : RHP José Cabrera
|
Batting: LHB Harold Wiggins
|
0-0: Ball 1-0: Ball 2-0: Called Strike 2-1: Foul Ball, location: 2F 2-2: Ball 3-2: Ground out 4-3 (Groundball, 34)
|
Batting: RHB Martín Placido
|
0-0: Foul Ball, location: 2F 0-1: Ball 1-1: Swinging Strike 1-2: Ball 2-2: Ground out 4-3 (Groundball, 4)
|
Batting: RHB Rafael Crava
|
0-0: Ball 1-0: Ball 2-0: Ball 3-0: Base on Balls
|
Batting: LHB Marcos Deleón
|
0-0: Ball 1-0: Foul Ball, location: 2F 1-1: Fly out, F3 (Line Drive, 3)
|
Bottom of the 2nd over - 0 run(s), 0 hit(s), 0 error(s), 1 left on base; Delaware 2 - York 0 |
TOP OF THE 3RD |
Delaware 1787 BC batting - Pitching for York Revolution : RHP Jean-François Chapon
|
Batting: LHB Ward Wilberfoss
|
0-0: Ball 1-0: Foul Ball, location: 2F 1-1: Ball 2-1: Foul Ball, location: 2F 2-2: Ball 3-2: Base on Balls
|
Batting: RHB Felipe Bruno
|
0-0: 2-RUN HOME RUN (Line Drive, 9D), Distance : 394 ft
|
Batting: RHB Gianpaolo Monachino
|
0-0: Foul Ball, location: 2F 0-1: Called Strike 0-2: Ball 1-2: Ball 2-2: Strikes out swinging
|
Batting: RHB Nobuhiko Nakayama
|
0-0: Ball 1-0: Ball 2-0: Ground out 6-3 (Groundball, 6)
|
Batting: RHB Gilberto Rodríguez
|
0-0: Called Strike 0-1: Ball 1-1: Ground out 5-3 (Groundball, 56)
|
Top of the 3rd over - 2 run(s), 1 hit(s), 0 error(s), 0 left on base; Delaware 4 - York 0 |
BOTTOM OF THE 3RD |
York Revolution batting - Pitching for Delaware 1787 BC : RHP José Cabrera
|
Batting: LHB Michael Nelson
|
0-0: Ball 1-0: Called Strike 1-1: Ball 2-1: Foul Ball, location: 2F 2-2: Ball 3-2: Strikes out looking
|
Batting: RHB Carlos Meléndez
|
0-0: Called Strike 0-1: Foul Ball, location: 2F 0-2: Strikes out swinging
|
Batting: RHB José Urruticodez
|
0-0: Ball 1-0: Ball 2-0: Ball 3-0: Called Strike 3-1: Foul Ball, location: 2F 3-2: Strikes out swinging
|
Bottom of the 3rd over - 0 run(s), 0 hit(s), 0 error(s), 0 left on base; Delaware 4 - York 0 |
TOP OF THE 4TH |
Delaware 1787 BC batting - Pitching for York Revolution : RHP Jean-François Chapon
|
Batting: LHB Russ Hanneman
|
0-0: Ball 1-0: Ball 2-0: Called Strike 2-1: Swinging Strike 2-2: Ball 3-2: Strikes out swinging
|
Batting: RHB Jorge Figueroa
|
0-0: Ball 1-0: SINGLE (Line Drive, 3)
|
Batting: RHB Thurman Blumer
|
0-0: Called Strike 0-1: Foul Ball, location: 2F 0-2: Strikes out swinging
|
Batting: RHB José López
|
0-0: Fly out, F7 (Flyball, 7LM)
|
Top of the 4th over - 0 run(s), 1 hit(s), 0 error(s), 1 left on base; Delaware 4 - York 0 |
BOTTOM OF THE 4TH |
York Revolution batting - Pitching for Delaware 1787 BC : RHP José Cabrera
|
Batting: RHB Jaime Solís
|
0-0: SINGLE (Groundball, 34)
|
Batting: LHB Ángelo Hernández
|
0-0: Called Strike 0-1: Ball 1-1: Foul Ball, location: 2F 1-2: Ball 2-2: Ball 3-2: Base on Balls Jaime Solís to second
|
Batting: LHB Harold Wiggins
|
0-0: Swinging Strike 0-1: Swinging Strike 0-2: Foul Ball, location: 2F 0-2: SINGLE (Line Drive, 9S) Jaime Solís to third Ángelo Hernández to second
|
Batting: RHB Martín Placido
|
0-0: Ball 1-0: Foul Ball, location: 2F 1-1: Swinging Strike 1-2: Strikes out swinging
|
Batting: RHB Rafael Crava
|
0-0: Foul Ball, location: 2F 0-1: Swinging Strike 0-2: Strikes out swinging
|
Batting: LHB Marcos Deleón
|
0-0: Ball 1-0: SINGLE (Groundball, 34S) (infield hit) Jaime Solís scores Ángelo Hernández to third Harold Wiggins to second
|
Batting: LHB Michael Nelson
|
0-0: Called Strike 0-1: Foul Ball, location: 2F 0-2: Ball 1-2: Foul Ball, location: 2F 1-2: Strikes out swinging
|
Bottom of the 4th over - 1 run(s), 3 hit(s), 0 error(s), 3 left on base; Delaware 4 - York 1 |
TOP OF THE 5TH |
Delaware 1787 BC batting - Pitching for York Revolution : RHP Jean-François Chapon
|
Batting: LHB Ward Wilberfoss
|
0-0: Called Strike 0-1: Fly out, F2 (Popup, 25)
|
Batting: RHB Felipe Bruno
|
0-0: Called Strike 0-1: Called Strike 0-2: Ball 1-2: Ground out 6-3 (Groundball, 6)
|
Batting: RHB Gianpaolo Monachino
|
0-0: Ball 1-0: Ball 2-0: Called Strike 2-1: Swinging Strike 2-2: Strikes out looking
|
Top of the 5th over - 0 run(s), 0 hit(s), 0 error(s), 0 left on base; Delaware 4 - York 1 |
BOTTOM OF THE 5TH |
York Revolution batting - Pitching for Delaware 1787 BC : RHP José Cabrera
|
Batting: RHB Carlos Meléndez
|
0-0: Called Strike 0-1: Fly out, F8 (Flyball, 8RM)
|
Batting: RHB José Urruticodez
|
0-0: Called Strike 0-1: Ball 1-1: Ball 2-1: Swinging Strike 2-2: Strikes out looking
|
Batting: RHB Jaime Solís
|
0-0: Foul Ball, location: 2F 0-1: Ball 1-1: Ball 2-1: Foul Ball, location: 2F 2-2: Foul Ball, location: 2F 2-2: Ground out 6-3 (Groundball, 6M)
|
Bottom of the 5th over - 0 run(s), 0 hit(s), 0 error(s), 0 left on base; Delaware 4 - York 1 |
TOP OF THE 6TH |
Delaware 1787 BC batting - Pitching for York Revolution : RHP Jean-François Chapon
|
Batting: RHB Nobuhiko Nakayama
|
0-0: SINGLE (Groundball, 56D)
|
Batting: RHB Gilberto Rodríguez
|
0-0: Swinging Strike 0-1: Ball 1-1: Grounds into double play, U6-3 (Groundball, 6M)
|
Batting: LHB Russ Hanneman
|
0-0: Called Strike 0-1: Ball 1-1: Ground out 4-3 (Groundball, 4M)
|
Top of the 6th over - 0 run(s), 1 hit(s), 0 error(s), 0 left on base; Delaware 4 - York 1 |
BOTTOM OF THE 6TH |
York Revolution batting - Pitching for Delaware 1787 BC : RHP José Cabrera
|
Batting: LHB Ángelo Hernández
|
0-0: Called Strike 0-1: Fly out, F7 (Flyball, 78M)
|
Batting: LHB Harold Wiggins
|
0-0: Ball 1-0: Fly out, F8 (Flyball, 8RM)
|
Batting: RHB Martín Placido
|
0-0: Fly out, F9 (Flyball, 9M)
|
Bottom of the 6th over - 0 run(s), 0 hit(s), 0 error(s), 0 left on base; Delaware 4 - York 1 |
TOP OF THE 7TH |
Delaware 1787 BC batting - Pitching for York Revolution : RHP Jean-François Chapon
|
Pitching: RHP Juan González
|
|
Batting: RHB Jorge Figueroa
|
0-0: Foul Ball, location: 2F 0-1: Ball 1-1: Foul Ball, location: 2F 1-2: Ball 2-2: Strikes out swinging
|
Batting: RHB Thurman Blumer
|
0-0: Ball 1-0: Ball 2-0: Foul Ball, location: 2F 2-1: Foul Ball, location: 2F 2-2: Strikes out looking
|
Batting: RHB José López
|
0-0: Foul Ball, location: 2F 0-1: Ground out 6-3 (Groundball, 6MS)
|
Top of the 7th over - 0 run(s), 0 hit(s), 0 error(s), 0 left on base; Delaware 4 - York 1 |
BOTTOM OF THE 7TH |
York Revolution batting - Pitching for Delaware 1787 BC : RHP José Cabrera
|
Batting: RHB Rafael Crava
|
0-0: Ball 1-0: Ball 2-0: Called Strike 2-1: Fly out, F9 (Flyball, 89M)
|
Batting: LHB Marcos Deleón
|
0-0: Fly out, F9 (Flyball, 89M)
|
Batting: LHB Michael Nelson
|
0-0: Called Strike 0-1: Ball 1-1: Foul Ball, location: 2F 1-2: Foul Ball, location: 2F 1-2: Ball 2-2: Ground out 6-3 (Groundball, 6)
|
Bottom of the 7th over - 0 run(s), 0 hit(s), 0 error(s), 0 left on base; Delaware 4 - York 1 |
TOP OF THE 8TH |
Delaware 1787 BC batting - Pitching for York Revolution : RHP Juan González
|
Batting: LHB Ward Wilberfoss
|
0-0: Ball 1-0: Fly out, F7 (Flyball, 7M)
|
Batting: RHB Felipe Bruno
|
0-0: Foul Ball, location: 2F 0-1: Foul Ball, location: 2F 0-2: Ball 1-2: SINGLE (Groundball, 6MD)
|
Batting: RHB Gianpaolo Monachino
|
0-0: SINGLE (Groundball, 34D) Felipe Bruno to second
|
Batting: RHB Nobuhiko Nakayama
|
0-0: Called Strike 0-1: Ball 1-1: Ball 2-1: Foul Ball, location: 2F 2-2: 3-RUN HOME RUN (Flyball, 78XD), Distance : 433 ft
|
Pitching: RHP Delmar Llerena
|
|
Batting: RHB Gilberto Rodríguez
|
0-0: Ball 1-0: Foul Ball, location: 2F 1-1: Called Strike 1-2: Strikes out looking
|
Batting: LHB Russ Hanneman
|
0-0: Called Strike 0-1: Swinging Strike 0-2: Strikes out swinging
|
Top of the 8th over - 3 run(s), 3 hit(s), 0 error(s), 0 left on base; Delaware 7 - York 1 |
BOTTOM OF THE 8TH |
York Revolution batting - Pitching for Delaware 1787 BC : RHP José Cabrera
|
Now at C: Rick McGuire
|
|
Batting: RHB Carlos Meléndez
|
0-0: Called Strike 0-1: Ground out 5-3 (Groundball, 56)
|
Batting: RHB José Urruticodez
|
0-0: Ball 1-0: Called Strike 1-1: Foul Ball, location: 2F 1-2: Ball 2-2: Foul Ball, location: 2F 2-2: Strikes out swinging
|
Batting: RHB Jaime Solís
|
0-0: Called Strike 0-1: Foul Ball, location: 2F 0-2: Ground out 5-3 (Groundball, 5)
|
Bottom of the 8th over - 0 run(s), 0 hit(s), 0 error(s), 0 left on base; Delaware 7 - York 1 |
TOP OF THE 9TH |
Delaware 1787 BC batting - Pitching for York Revolution : RHP Delmar Llerena
|
Batting: RHB Jorge Figueroa
|
0-0: Ball 1-0: Fly out, F9 (Flyball, 89M)
|
Batting: RHB Thurman Blumer
|
0-0: Fly out, F2 (Popup, 2RF)
|
Batting: RHB José López
|
0-0: Ball 1-0: Fly out, F5 (Line Drive, 5)
|
Top of the 9th over - 0 run(s), 0 hit(s), 0 error(s), 0 left on base; Delaware 7 - York 1 |
BOTTOM OF THE 9TH |
York Revolution batting - Pitching for Delaware 1787 BC : RHP José Cabrera
|
Now at SS: Luchino Salimbeni
|
|
Batting: LHB Ángelo Hernández
|
0-0: Ground out U3 (Groundball, 3S)
|
Batting: LHB Harold Wiggins
|
0-0: Ball 1-0: Swinging Strike 1-1: Swinging Strike 1-2: Ball 2-2: Foul Ball, location: 2F 2-2: Foul Ball, location: 2F 2-2: Strikes out swinging
|
Batting: RHB Martín Placido
|
0-0: Ball 1-0: Foul Ball, location: 2F 1-1: Called Strike 1-2: Strikes out looking
|
Bottom of the 9th over - 0 run(s), 0 hit(s), 0 error(s), 0 left on base; Delaware 7 - York 1 |
|